 Dungeon Crawl Stone Soup version 0.20-a0-1040-gfd09691 (webtiles) character file.

15090 Gorglomux the Warrior (level 12, -4/143 HPs)
             Began as an Ogre Wizard on Apr 23, 2017.
             Was a High Priest of Okawaru.
             Slain by a red ugly thing (22 damage)
             ... on level 11 of the Dungeon.
             The game lasted 00:58:09 (22624 turns).

Gorglomux the Warrior (Ogre Wizard)                Turns: 22624, Time: 00:58:10

Health: -4/143     AC:  6    Str: 14    XL:     12   Next: 23%
Magic:  17/19      EV: 18    Int: 19    God:    Okawaru [*****.]
Gold:   507        SH:  0    Dex: 15    Spells: 11/18 levels left

rFire    . . .     SeeInvis .   K - +0 giant club
rCold    . . .     Gourm    .   (shield currently unavailable)
rNeg     . . .     Faith    .   h - +0 robe
rPois    .         Spirit   .   f - +0 hat
rElec    .         Reflect  .   I - +0 cloak {MR+}
rCorr    .         Harm     .   (gloves unavailable)
MR       ++...     Clarity  +   (boots unavailable)
Stlth    +++.......             (no amulet)
Regen    0.4/turn               z - ring of wizardry {Wiz+, !d}
MPRegen  0.2/turn               k - +4 ring of dexterity

@: heroism
A: unfitting armour, slimy green scales 1, clarity, tough skin 1
a: Heroism, Finesse, Renounce Religion


You were on level 11 of the Dungeon.
You worshipped Okawaru.
Okawaru was extremely pleased with you.
You were very hungry.

You visited 2 branches of the dungeon, and saw 12 of its levels.
You also visited: Ossuary.

You collected 645 gold pieces.
You spent 138 gold pieces at shops.

Inventory:

Hand Weapons
 a - a +2 short sword of venom
   (You took it off a kobold on level 2 of the Dungeon)
 b - a +0 hunting sling
   (You found it on level 1 of the Dungeon)
 K - a +0 giant club (weapon)
   (You took it off an ogre on level 4 of the Dungeon)
 T - a +1 flail of protection
   (You took it off an orc on level 11 of the Dungeon)
Missiles
 g - 52 sling bullets
Armour
 f - a +0 hat (worn)
 h - a +0 robe (worn)
 v - a scarf of cold resistance
   (You found it on level 4 of the Dungeon)
 w - a +2 cloak
   (You took it off Crazy Yiuf on level 2 of the Dungeon)
 I - a +0 cloak of magic resistance (worn)
   (You bought it in a shop on level 4 of the Dungeon)
Magical Staves
 J - an uncursed staff of earth
   (You took it off Dowan on level 4 of the Dungeon)
Jewellery
 k - a +4 ring of dexterity (right hand)
   (You found it on level 9 of the Dungeon)
 l - an uncursed ring of wizardry {Wiz+, !d}
   (You found it on level 11 of the Dungeon)
 z - a ring of wizardry (left hand) {Wiz+, !d}
   (You found it on level 3 of the Dungeon)
Wands
 m - a wand of iceblast (0/15)
   (You took it off a gnoll shaman on level 7 of the Dungeon)
 H - a wand of confusion (5/48)
   (You found it on level 4 of the Dungeon)
 M - a wand of flame (3/48)
   (You found it on level 8 of the Dungeon)
 N - a wand of acid (7/15)
   (You found it on level 5 of the Dungeon)
Scrolls
 i - 4 scrolls of recharging
 p - 4 scrolls of blinking {!r}
 q - 2 scrolls of amnesia {unknown}
 u - 11 scrolls of remove curse
 y - 2 scrolls of fog {unknown}
 D - 2 scrolls of magic mapping {unknown}
 E - a scroll of enchant weapon {unknown}
 G - a scroll of random uselessness {unknown}
 Q - a scroll of torment {unknown}
 R - 2 scrolls of teleportation
Potions
 e - a potion of magic
 o - 3 potions of curing
 r - 2 potions of mutation {!q}
 s - a potion of cancellation
 t - 2 potions of might
 x - 4 potions of haste
 A - 2 potions of flight
 B - a potion of agility
 C - a potion of resistance
 F - a potion of ambrosia
 O - a potion of brilliance
 P - a potion of lignification {!q}
Books
 c - a book of Minor Magic
 S - a book of Power
   (You found it on level 10 of the Dungeon)
Miscellaneous
 L - a phial of floods
   (You found it on level 9 of the Dungeon)
Comestibles
 d - 7 bread rations {@e1@e1}
 j - 7 meat rations {@e2@e2}
 n - a fruit


   Skills:
 - Level 15.2(20.2) Fighting
 + Level 8.1(13.1) Maces & Flails
 + Level 8.3(13.3) Dodging
 - Level 1.4(6.4) Stealth
 - Level 3.6 Spellcasting
 - Level 0.8 Conjurations
   Level 0.8 Summonings
   Level 0.8 Translocations
 - Level 9.4 Invocations


You had 11 spell levels left.
You knew the following spells:

 Your Spells              Type           Power        Failure   Level  Hunger
a - Magic Dart            Conj           #...         4%          1    None
c - Conjure Flame         Conj/Fire      #.......     14%         3    ###....
x - Mephitic Cloud        Conj/Pois/Air  #.......     16%         3    ###....


Dungeon Overview and Level Annotations

Branches:
Dungeon (11/15)            Temple (1/1) D:5            Lair (0/6) D:11
    Orc: D:9-12

Altars:
Ashenzari
Cheibriados
Dithmenos
Elyvilon
Fedhas
Gozag
Hepliaklqana
Kikubaaqudgha
Makhleb
Nemelex Xobeh
Okawaru
Qazlal
Ru
Sif Muna
Trog
Uskayaw
Vehumet
Wu Jian
Xom
Yredelemnul
Zin
The Shining One

Shops:
D:4 ([:   D:6 (   D:7 *

Annotations:
D:6 nht's ghost, novice CeBe
D:8 1 runed door


Innate Abilities, Weirdness & Mutations

You are too large for most types of armour.
You have tough skin. (AC +1)
You are partially covered in slimy green scales. (AC +2)
You possess an exceptional clarity of mind.


Message History

You take 5 damage, and have 88/143 hp.
You closely miss the wight. The wight hits you with a great sword.
You take 4 damage, and have 84/143 hp.
You hit the wight but do no damage. You hit the wight.
The wight barely misses you.
You hit the wight but do no damage. The wight misses you.
You closely miss the wight. The wight barely misses you.
You hit the wight. You hit the wight but do no damage.
You closely miss the wight. The wight barely misses you. The wight misses you.
You hit the wight but do no damage.
The wight hits you with a short sword of freezing.
The wight freezes you.
You take 6 damage, and have 81/143 hp.
You bludgeon the wight!!
You destroy the wight!
Okawaru accepts your kill.
You closely miss the wight. The wight barely misses you.
You barely miss the wight. The wight misses you.
You thump the wight!
You destroy the wight!
Okawaru accepts your kill.
Items here: )) [[ a great sword; a robe; a short sword of freezing; a robe The orc shouts!
A wight comes into view. It is wielding an enchanted mace.
Items here: )) [[ a great sword; a robe; a short sword of freezing; a robe Your +2 short sword of venom begins to drip with poison!
a - a +2 short sword of venom (weapon)
You closely miss the orc. The orc closely misses you.
You hit the orc.
The orc is poisoned.
You kill the orc!
Okawaru accepts your kill.
You see here a flail of protection.
T - a flail of protection Wield which item (- for none, * to show all)? (? for menu, Esc to quit)
Your +2 short sword of venom stops dripping with poison.
Your +1 flail of protection hums with potential!
T - a +1 flail of protection (weapon)
You thump the wight!
Your weapon exudes an aura of protection.
The wight closely misses you.
You hit the wight but do no damage. The wight barely misses you.
You sock the wight!
You destroy the wight!
Okawaru accepts your kill.
Things that are here:
an enchanted mace; a robe You start resting.
You regained 23 hp, and now have 112/143 hp.
A red ugly thing is nearby!
A red ugly thing is nearby!
Wield which item (- for none, * to show all)? (? for menu, Esc to quit)
Your +1 flail of protection goes still.
K - a +0 giant club (weapon)
Things that are here:
an enchanted mace; a robe
Items here: )) [[ a great sword; a robe; a short sword of freezing; a robe You eat one of the 2 fruits.
You are feeling very hungry.
Mmm - a full handful of gooseberries!
Found a stone staircase leading up.
R - 2 scrolls of teleportation (gained 1)
A bullfrog skeleton comes into view.
You regained 6 hp, and now have 121/143 hp.
A bullfrog skeleton is nearby!
You sock the bullfrog skeleton!
The bullfrog skeleton hits you but does no damage.
The bullfrog skeleton misses you.
You bludgeon the bullfrog skeleton!!
You destroy the bullfrog skeleton!
Okawaru accepts your kill.
No target in view!
A red ugly thing is nearby!
A red ugly thing is nearby!
The red ugly thing gurgles horribly!
You bludgeon the red ugly thing!! The red ugly thing kicks you!
You are engulfed in flames!
You take 24 damage, and have 100/143 hp.
You barely miss the red ugly thing.
The red ugly thing kicks you but does no damage.
The red ugly thing kicks you!
You are engulfed in flames!!
You take 26 damage, and have 74/143 hp.
You are too injured to fight recklessly!
You are too injured to fight recklessly!
You sock the red ugly thing! The red ugly thing kicks you.
You are engulfed in flames!!
You take 21 damage, and have 53/143 hp.
You closely miss the red ugly thing. The red ugly thing kicks you.
You are engulfed in flames!!
* * * LOW HITPOINT WARNING * * *
You take 20 damage, and have 33/143 hp.
Unknown command.
You gain the combat prowess of a mighty hero.
The red ugly thing kicks you!
* * * LOW HITPOINT WARNING * * *
You are engulfed in flames!!
You die...

≈≈...#
......#...........#
≈≈....
.:...#..........#.#
.......#.##.......#
#....#.#.##<......#
#.................#
..##.#..###.......#
.# #.#............#
.. #.##.###..#.#..#
#.##.#..@u..## .
#.......###.#
###....###..#
###....#...##
#.........##
#........##
#.......##
###....## #...##


You could see a red ugly thing.

Vanquished Creatures
  A hydra (D:11)
  A two-headed ogre (D:8)
  The ghost of Gruud the Arsonist, a novice OpFE of Vehumet (D:7)
  A deep elf mage (D:11)
  Psyche (D:10)
  A gargoyle (D:10)
  3 trolls
  3 hippogriffs (D:9)
  17 yaks
  3 wyverns
  Grum (D:10)
  2 hungry ghosts
  Menkaure (D:7)
  4 water moccasins
  Duvessa (D:4)
  2 orc warriors
  2 black bears (D:7)
  An ice beast (D:4)
  A sky beast (D:6)
  A phantom (D:10)
  7 ogres
  6 wolves
  8 centaurs
  2 crocodiles (D:10)
  3 big kobolds
  11 bullfrogs
  Blork the orc (D:6)
  Dowan (D:4)
  A water moccasin skeleton (D:5)
  5 scorpions
  4 wights
  5 howler monkeys
  12 electric eels
  6 crimson imps
  A centaur zombie (D:8)
  A bullfrog zombie (D:7)
  2 bullfrog skeletons
  2 gnoll shamans
  8 hounds
  3 jellies
  Crazy Yiuf (D:2)
  8 orc priests
  2 centaur skeletons
  Terence (D:2)
  An iguana (D:8)
  10 orc wizards
  Natasha (thrice) (D:2)
  8 worker ants
  A statue (D:5)
  2 hound skeletons
  14 mummies (Ossuary)
  Robin (D:2)
  4 adders
  19 gnolls
  2 shadow imps
  2 oozes
  2 adder zombies
  4 worms
  3 dart slugs
  4 leopard geckos
  48 orcs
  2 ball pythons
  7 giant cockroaches
  12 goblins
  6 hobgoblins
  14 jackals
  24 kobolds
  5 quokkas
  4 bats
  6 frilled lizards
  A giant cockroach zombie (D:6)
  2 gnoll skeletons (Ossuary)
  2 goblin skeletons (Ossuary)
  A jackal skeleton (D:4)
  A kobold skeleton (Ossuary)
  3 orc skeletons (Ossuary)
  A quokka skeleton (D:8)
  5 rats
  11 rat skeletons (Ossuary)
384 creatures vanquished.

Vanquished Creatures (collateral kills)
  A two-headed ogre (D:9)
  An orc (D:9)
2 creatures vanquished.

Grand Total: 386 creatures vanquished

Notes
Turn   | Place    | Note
-------+----------+-------------------------------------------
     0 | D:1      | Gorglomux the Ogre Wizard began the quest for the Orb.
     0 | D:1      | Reached XP level 1. HP: 16/16 MP: 5/5
   250 | D:1      | Reached skill level 1 in Fighting
   446 | D:1      | Reached skill level 2 in Fighting
   446 | D:1      | Reached XP level 2. HP: 22/28 MP: 0/6
   728 | D:1      | Reached skill level 3 in Fighting
   993 | D:1      | Reached XP level 3. HP: 37/37 MP: 5/8
  1637 | D:2      | Noticed Natasha
  1648 | D:2      | Killed Natasha
  1648 | D:2      | Reached skill level 4 in Fighting
  1791 | D:2      | Reached XP level 4. HP: 48/49 MP: 4/9
  1915 | D:2      | Noticed Natasha
  2050 | D:2      | Killed Natasha
  2050 | D:2      | Reached skill level 5 in Fighting
  2499 | D:2      | Noticed Natasha
  2503 | D:2      | Killed Natasha
  2503 | D:2      | Reached skill level 6 in Fighting
  2503 | D:2      | Reached XP level 5. HP: 54/59 MP: 0/10
  2622 | D:2      | Found a runed door.
  2737 | D:2      | Noticed Terence
  2743 | D:2      | Learned a level 3 spell: Conjure Flame
  2759 | D:2      | Killed Terence
  2975 | D:2      | Noticed Robin
  3084 | D:2      | Killed Robin
  3583 | D:2      | Noticed Crazy Yiuf
  3721 | D:2      | Killed Crazy Yiuf
  3721 | D:2      | Reached skill level 7 in Fighting
  4006 | D:3      | Reached XP level 6. HP: 61/71 MP: 7/11
  4318 | D:3      | Found a bloodstained altar of Trog.
  4962 | D:4      | Reached skill level 8 in Fighting
  5099 | D:4      | Reached skill level 9 in Fighting
  5099 | D:4      | Reached XP level 7. HP: 50/83 MP: 5/12
  5200 | D:4      | Found a deep blue altar of Sif Muna.
  5225 | D:4      | Found a sand-covered staircase.
  5295 | Ossuary  | Entered an ossuary
  6654 | Ossuary  | Reached skill level 10 in Fighting
  7266 | D:4      | Reached skill level 11 in Fighting
  7341 | D:4      | Found Piprour's Antique Weapon Shoppe.
  7463 | D:4      | Found Culoovos's Armour Boutique.
  7475 | D:4      | Bought a +0 cloak of magic resistance for 138 gold pieces
  7509 | D:4      | Found Mesakk Meum's Book Shoppe.
  7581 | D:4      | Reached XP level 8. HP: 97/97 MP: 4/13
  7687 | D:4      | HP: 35/145 [something (4)]
  7694 | D:4      | HP: 23/145 [orc priest/nerve-wracking pain (12)]
  8066 | D:4      | Reached skill level 12 in Fighting
  8230 | D:5      | Entered Level 5 of the Dungeon
  8230 | D:5      | Found a staircase to the Ecumenical Temple.
  8435 | D:5      | Noticed Dowan
  8684 | D:5      | Noticed Duvessa
  8702 | D:5      | Reached skill level 13 in Fighting
  8713 | D:4      | Killed Duvessa
  8991 | D:4      | Killed Dowan
  9016 | Temple   | Entered the Ecumenical Temple
  9212 | Temple   | Became a worshipper of Warmaster Okawaru
  9782 | D:5      | Found a radiant altar of Vehumet.
  9801 | D:5      | Reached XP level 9. HP: 94/111 MP: 6/14
 10053 | D:6      | Found Kealem's Antique Weapon Emporium.
 10076 | D:6      | Reached skill level 14 in Fighting
 10662 | D:6      | Noticed Blork the orc
 10673 | D:6      | Killed Blork the orc
 10987 | D:6      | Noticed nht's ghost (novice CeBe)
 11101 | D:6      | Gained mutation: You are partially covered in slimy green scales. (AC +2) [potion of mutation]
 11101 | D:6      | Gained mutation: You possess an exceptional clarity of mind. [potion of mutation]
 11106 | D:6      | Reached skill level 15 in Fighting
 11138 | D:6      | Reached * piety under Okawaru
 11468 | D:6      | Noticed a troll
 11586 | D:5      | Learned a level 3 spell: Mephitic Cloud
 11680 | D:6      | Killed a troll
 11680 | D:6      | Reached skill level 1 in Maces & Flails
 11680 | D:6      | Reached skill level 2 in Dodging
 11680 | D:6      | Reached skill level 1 in Invocations
 11983 | D:5      | Reached skill level 2 in Invocations
 12606 | D:7      | Reached skill level 2 in Maces & Flails
 12622 | D:7      | Found Qegol's Serpentskin Sales.
 12641 | D:6      | Reached skill level 3 in Dodging
 12641 | D:6      | Reached skill level 3 in Invocations
 12645 | D:6      | HP: 28/115 [poisoned by a water moccasin]
 12650 | D:6      | HP: 24/115 [poisoned by a water moccasin]
 12655 | D:6      | HP: 21/115 [poisoned by a water moccasin]
 12661 | D:6      | HP: 19/115 [poisoned by a water moccasin]
 12666 | D:6      | HP: 19/115 [poisoned by a water moccasin]
 12673 | D:6      | HP: 19/115 [poisoned by a water moccasin]
 12681 | D:6      | HP: 19/115 [poisoned by a water moccasin]
 13031 | D:6      | HP: 24/115 [nht's ghost (7)]
 13346 | D:7      | Noticed Gruud's ghost (novice OpFE)
 13421 | D:7      | Reached XP level 10. HP: 115/124 MP: 13/15
 13664 | D:7      | Reached skill level 4 in Invocations
 13945 | D:7      | Found an opulent altar of Gozag.
 13984 | D:7      | Noticed Menkaure
 14006 | D:7      | Reached skill level 3 in Maces & Flails
 14020 | D:7      | Killed Menkaure
 14125 | D:7      | Reached skill level 4 in Dodging
 14147 | D:7      | Found a glowing golden altar of the Shining One.
 14508 | D:7      | Killed Gruud's ghost
 14903 | D:8      | Noticed a sixfirhy
 14904 | D:8      | Found a runed door.
 14931 | D:8      | Noticed a two-headed ogre
 14947 | D:8      | Killed a two-headed ogre
 14947 | D:8      | Reached ** piety under Okawaru
 14947 | D:8      | Reached skill level 4 in Maces & Flails
 14947 | D:8      | Reached skill level 5 in Invocations
 15066 | D:8      | Reached skill level 5 in Dodging
 15384 | D:8      | Found an ornate altar of the Wu Jian Council.
 16103 | D:9      | Reached skill level 6 in Invocations
 16394 | D:9      | Reached skill level 5 in Maces & Flails
 16889 | D:9      | Reached XP level 11. HP: 53/132 MP: 9/16
 16898 | D:9      | HP: 33/132 [yak (14)]
 16899 | D:9      | Reached *** piety under Okawaru
 17146 | D:9      | Noticed a two-headed ogre
 17167 | D:9      | Reached skill level 6 in Dodging
 17247 | D:9      | Killed a two-headed ogre
 17247 | D:9      | Reached skill level 7 in Invocations
 17358 | D:9      | HP: 30/132 [troll (15)]
 18008 | D:9      | Reached skill level 6 in Maces & Flails
 18093 | D:9      | Reached **** piety under Okawaru
 18961 | D:10     | Entered Level 10 of the Dungeon
 19094 | D:10     | Reached skill level 7 in Dodging
 19094 | D:10     | Reached skill level 8 in Invocations
 19264 | D:10     | Noticed Grum
 19272 | D:10     | Killed Grum
 19576 | D:10     | HP: 25/132 [wolf[Grum] (12)]
 19968 | D:10     | Noticed Psyche
 19979 | D:10     | Killed Psyche
 20081 | D:10     | Reached skill level 7 in Maces & Flails
 20642 | D:10     | Reached ***** piety under Okawaru
 20906 | D:10     | Reached skill level 9 in Invocations
 21262 | D:11     | Reached XP level 12. HP: 121/143 MP: 18/18
 21650 | D:10     | Reached skill level 8 in Dodging
 21694 | D:11     | HP: 19/143 [deep elf mage/bolt of lightning (29)]
 21701 | D:11     | HP: 15/143 [electric eel/bolt of electricity (7)]
 21750 | D:11     | HP: 20/143 [electric eel/bolt of electricity (11)]
 22196 | D:11     | Found a staircase to the Lair.
 22279 | D:11     | Noticed a six-headed hydra
 22319 | D:11     | Killed a six-headed hydra
 22319 | D:11     | Reached skill level 8 in Maces & Flails
 22620 | D:11     | HP: 33/143 [red ugly thing (19)]
 22624 | D:11     | Slain by a red ugly thing

Vault maps used:
D:1:      sevenhm_arrival_forest_fort_large_4
D:2:      minmay_crystal_water, uniq_crazy_yiuf_cottage, uniq_robin,
          uniq_terence, uniq_natasha
D:3:      bloody_trog
D:4:      old_standard_altar, serial_shops, shop_fountains,
          nicolae_shop_crystal, shop_fountains,
          lightli_ossuary_entry_decrepit_ruins, hangedman_decor_points
D:5:      vehumet_statue, minmay_temple_entry_glass, first_bread, uniq_duvessa
D:6:      serial_shops, shop, bh_walls_and_bars, uniq_blork_the_orc
D:7:      overflow_temple_1_default, tso_metal_star, guppyfry_shop_venom,
          uniq_menkaure
D:8:      cheibrodos_shockbox, kennysheep_little_box
D:10:     uniq_psyche, uniq_grum
D:11:     erik_lair_island, basic_altar, hangedman_pestilent_swarm,
          kennysheep_donut, minmay_misc_feat_roman
Temple:   eino_temple_rhombus
Ossuary:  ossuary_due_small_catacomb

Skill      XL: |  1  2  3  4  5  6  7  8  9 10 11 12 |
---------------+-------------------------------------+-----
Fighting       | 2 3 4 6 7 9 11 13 15 | 15.2
Maces & Flails | 2 5 7 8 |  8.1
Dodging        | 3 5 7 8 |  8.3
Invocations    | 3 6 9 |  9.4
Stealth        | |  1.4
Spellcasting   | |  3.6
Conjurations   | |  0.8
Summonings     | |  0.8
Translocations | |  0.8

Action                   |  1- 3 |  4- 6 |  7- 9 | 10-12 || total
-------------------------+-------+-------+-------+-------++-------
Melee: Unarmed           |    23 |       |       |       ||    23
       Short sword       |    31 |   110 |   535 |   499 ||  1175
       Giant club        |       |       |    12 |   172 ||   184
       Punch             |       |       |       |     2 ||     2
       Flail             |       |       |       |     3 ||     3
 Fire: Hunting sling     |     2 |    52 |    24 |     4 ||    82
Throw: Stone             |     4 |    27 |    41 |       ||    72
 Cast: Magic Dart        |    64 |   110 |   140 |   139 ||   453
       Conjure Flame     |       |     8 |    29 |    31 ||    68
       Mephitic Cloud    |       |       |     1 |    18 ||    19
Invok: Heroism           |       |       |     2 |     7 ||     9
       Finesse           |       |       |       |     1 ||     1
Evoke: Wand              |       |       |     2 |    24 ||    26
       Phial of floods   |       |       |       |     1 ||     1
  Use: Scroll            |       |     2 |    10 |     7 ||    19
       Potion            |       |       |     5 |       ||     5
 Stab: Sleeping          |       |       |     1 |     4 ||     5
       Distracted        |       |       |       |     1 ||     1
       Confused          |       |       |       |     1 ||     1
  Eat: Chunk             |     2 |    12 |    20 |    34 ||    68
       Meat ration       |       |       |     1 |       ||     1
       Royal jelly       |       |       |     2 |     2 ||     4
       Fruit             |       |       |       |     2 ||     2
Armor: Robe              |    44 |    46 |   124 |   180 ||   394
Dodge: Dodged            |    55 |    74 |   263 |   595 ||   987

Vault maps used:
D:1:      sevenhm_arrival_forest_fort_large_4
D:2:      minmay_crystal_water, uniq_crazy_yiuf_cottage, uniq_robin,
          uniq_terence, uniq_natasha
D:3:      bloody_trog
D:4:      old_standard_altar, serial_shops, shop_fountains,
          nicolae_shop_crystal, shop_fountains,
          lightli_ossuary_entry_decrepit_ruins, hangedman_decor_points
D:5:      vehumet_statue, minmay_temple_entry_glass, first_bread, uniq_duvessa
D:6:      serial_shops, shop, bh_walls_and_bars, uniq_blork_the_orc
D:7:      overflow_temple_1_default, tso_metal_star, guppyfry_shop_venom,
          uniq_menkaure
D:8:      cheibrodos_shockbox, kennysheep_little_box
D:10:     uniq_psyche, uniq_grum
D:11:     erik_lair_island, basic_altar, hangedman_pestilent_swarm,
          kennysheep_donut, minmay_misc_feat_roman
Temple:   eino_temple_rhombus
Ossuary:  ossuary_due_small_catacomb

Table legend:
 A = Turns spent in this place as a percentage of turns spent in the entire game.
 B = Non-inter-level travel turns spent in this place as a percentage of non-inter-level travel turns spent in the entire game.
 C = Inter-level travel turns spent in this place as a percentage of turns spent in this place.
 D = Turns resting spent in this place as a percentage of non-inter-level travel turns spent in this place.
 E = Turns spent auto-exploring this place as a percentage of non-inter-level travel turns spent in this place.
 F = Non-inter-level travel turns spent in this place divided by the number of levels of this place that you've seen.
                   A       B       C       D       E      F
               +-------+-------+-------+-------+-------+----------------------
         Total | 100.0 | 100.0 |   0.3 |   4.4 |   6.0 | 500.0
       Dungeon |  92.1 |  92.1 |   0.3 |   4.3 |   5.7 | 544.2
        Temple |   0.5 |   0.5 |   6.1 |   0.0 |  90.3 |  31.0
       Ossuary |   7.4 |   7.4 |   0.0 |   6.2 |   3.5 | 483.0
               +-------+-------+-------+-------+-------+----------------------

Table legend:
 A = Kills in this place as a percentage of kills in entire the game.
 B = Kills by you in this place as a percentage of kills by you in the entire game.
 C = Kills by friends in this place as a percentage of kills by friends in the entire game.
 D = Other kills in this place as a percentage of other kills in the entire game.
 E = Experience gained in this place as a percentage of experience gained in the entire game.
 F = Experience gained in this place divided by the number of levels of this place that you have seen.
                   A       B       C       D       E      F
               +-------+-------+-------+-------+-------+----------------------
         Total | 100.0 | 100.0 | 100.0 | 100.0 | 100.0 | 1658.3
       Dungeon |  91.5 |  91.4 | 100.0 | 100.0 |  98.8 | 1935.5
       Ossuary |   8.5 |   8.6 |   0.0 |   0.0 |   1.2 | 267.0
               +-------+-------+-------+-------+-------+----------------------
